 Dungeon Crawl Stone Soup version 0.30.1-4-g462c640d31 (webtiles) character file.

Game seed: 5375427889524465202

1433 Peloso the Carver (level 8, -3/70 HPs)
             Began as a Minotaur Fighter on Aug 13, 2023.
             Was a Believer of Okawaru.
             Killed by divine providence
             ... invoked by an orc priest
              (15 damage)
             ... on level 6 of the Dungeon.
             The game lasted 00:10:14 (4227 turns).

Peloso the Carver (Minotaur Fighter)                Turns: 4227, Time: 00:10:15

Health: -3/70      AC: 11    Str: 21    XL:     8   Next: 45%
Magic:  7/7        EV:  9    Int:  5    God:    Okawaru [**....]
Gold:   265        SH:  5    Dex: 12    Spells: 7/7 levels left

rFire   . . .        a - +3 long sword (freeze)
rCold   . . .        d - +0 buckler
rNeg    . . .        i - +0 chain mail
rPois   .            (helmet restricted)
rElec   .            (no cloak)
rCorr   .            r - +0 pair of gloves
SInv    .            (no boots)
Will    +....        e - amulet of the acrobat Stlth
                     l - ring of willpower
HPRegen 0.31/turn    (no ring)
MPRegen 0.10/turn

%: acrobat
@: no status effects
A: horns 2, retaliatory headbutt
a: Renounce Religion, Heroism


You were on level 6 of the Dungeon.
You worshipped Okawaru.
Okawaru was pleased with you.
You visited 1 branch of the dungeon, and saw 6 of its levels.

You collected 318 gold pieces.
You spent 53 gold pieces at shops.

Inventory:

Hand Weapons
 a - a +3 long sword of freezing (weapon)
Missiles
 m - a throwing net (quivered)
Armour
 b - a +0 scale mail
 c - a +0 buckler
 d - a +0 buckler (worn)
 i - a +0 chain mail (worn)
 r - a +0 pair of gloves (worn)
Jewellery
 e - an amulet of the acrobat (around neck)
 l - a ring of willpower (left hand)
 u - a ring of willpower
 y - a ring of see invisible
 B - a ring of fire
Scrolls
 j - a scroll of butterflies
 k - a scroll of brand weapon {unknown}
 n - a scroll of acquirement {unknown}
 p - a scroll of poison {unknown}
 q - a scroll of immolation {unknown}
 t - a scroll of teleportation {unknown}
 v - a scroll of enchant weapon
 w - a scroll of blinking
 C - a scroll of enchant armour {unknown}
 E - 3 scrolls of identify
Potions
 f - 4 potions of might
 g - 3 potions of curing
 h - a potion of heal wounds
 o - a potion of haste
 s - 2 potions of lignification
 x - 2 potions of flight
 z - a potion of mutation
 A - a potion of invisibility {unknown}
 D - a potion of degeneration {unknown}


   Skills:
 + Level 5.9 Fighting
 + Level 8.7 Long Blades
 + Level 6.7 Armour
 + Level 2.4 Dodging
 + Level 0.4 Stealth
 + Level 5.9 Shields


You had 7 spell levels left.
You didn't know any spells.
Your spell library contained the following spells:

 Spells                   Type           Power      Damage    Failure   Level
 Kiss of Death            Conj/Necr      0%         2d5       98%         1
 Magic Dart               Conj           0%         1d3       98%         1
 Searing Ray              Conj           0%         2d4       99%         2
 Confusing Touch          Hex            0%         N/A       100%        3
 Dazzling Flash           Conj/Hex       0%         N/A       100%        3
 Mephitic Cloud           Conj/Pois/Air  0%         N/A       100%        3
 Ozocubu's Armour         Ice            0%         N/A       100%        3
 Dispel Undead            Necr           0%         3d6       100%        4
 Fulminant Prism          Conj/Hex       0%         3d5       100%        4
 Ice Form                 Ice/Tmut       0%         N/A       100%        4
 Call Imp                 Summ           Unusable   N/A       N/A         2
 Spellforged Servitor     Conj/Summ      Unusable   N/A       N/A         7

Dungeon Overview and Level Annotations

Branches:
Dungeon (6/15)             Temple (0/1) D:6

Altars:
Ashenzari
Cheibriados
Dithmenos
Gozag
Hepliaklqana
Nemelex Xobeh
Okawaru
Ru
Sif Muna
Trog
Vehumet
Xom
The Shining One

Shops:
D:1 !   D:5 *(*

Annotations:
D:2 1 runed translucent door, Crazy Yiuf


Innate Abilities, Weirdness & Mutations

You have a pair of horns on your head.
You reflexively headbutt those who attack you in melee.


Message History

You barely miss the phantom.
The phantom is almost destroyed.
The phantom closely misses you. You furiously retaliate!
You headbutt the phantom.
You destroy the phantom!
Okawaru accepts your kill.
An orc priest comes into view. It is wielding a +0 short sword.
The orc priest shouts!
An orc wizard comes into view. It is wielding a +0 dagger.
The orc wizard closely misses you.
You hit the orc wizard. You freeze the orc wizard.
Your headbutt misses the orc wizard.
The orc wizard is lightly wounded.
The orc wizard hits you but does no damage.
You slash the orc wizard! You freeze the orc wizard.
Your headbutt misses the orc wizard.
The orc wizard is severely wounded.
You block the orc wizard's attack.
You barely miss the orc wizard. You headbutt the orc wizard.
The orc wizard is almost dead.
The orc wizard closely misses you. You furiously retaliate!
You headbutt the orc wizard!
You kill the orc wizard!
Okawaru accepts your kill.
The orc priest invokes the aid of Beogh against you.
Beogh smites you!
* * * LOW HITPOINT WARNING * * *
The orc wizard closely misses you.
The orc priest begins to cast a cantrip, but forgets the words!
You slash the orc priest! You freeze the orc priest.
The orc priest is severely wounded.
The orc wizard gestures at you while chanting.
The puff of flame hits you!
* * * LOW HITPOINT WARNING * * *
The orc priest hits you with a +0 short sword.
* * * LOW HITPOINT WARNING * * *
You feel better. You block the orc wizard's attack.
The orc priest calls down the wrath of Beogh upon you.
Beogh smites you!
You die...

#≈≈≈≈≈≈ #........
#≈≈≈≈≈≈
#.........#≈≈≈###
#.........#≈≈≈#..
########.....>...#≈≈≈#.>
......#..........#≈≈≈#..
.................#≈≈≈##.
.......).........#≈≈≈≈#.
......o@...[...$.#≈≈≈≈#.
......o.#........#≈≈≈≈#.
#+++##..##......#######.
#..†.)...### #.....
#.######## #.#### ##..#
#.# #...# #####.# ##...#
#####.....##
#....###...##.....##


You could see an orc priest and an orc wizard.

Vanquished Creatures
  Pikel (D:6)
  2 black bears
  2 phantoms (D:6)
  A scorpion (D:5)
  3 hounds
  A jelly (D:5)
  An orc priest (D:5)
  2 iguanas (D:5)
  4 orc wizards
  Robin (D:2)
  6 gnolls
  9 adders
  A shadow imp (D:6)
  2 white imps (D:5)
  An ufetubus (D:5)
  A worm (D:2)
  A dart slug (D:5)
  14 orcs
  3 bats
  4 endoplasms
  4 giant cockroaches
  17 goblins
  10 hobgoblins
  4 quokkas
  2 ball pythons
  4 frilled lizards
  9 kobolds
  6 rats
116 creatures vanquished.

Notes
Turn   | Place    | Note
-------+----------+-------------------------------------------
     0 | D:1      | Peloso the Minotaur Fighter began the quest for the Orb.
     0 | D:1      | Reached XP level 1. HP: 19/19 MP: 0/0
   203 | D:1      | Reached XP level 2. HP: 27/27 MP: 1/1
   392 | D:1      | Found Xilauwom's Distillery.
   903 | D:2      | Reached XP level 3. HP: 27/33 MP: 2/2
   914 | D:2      | Reached skill level 3 in Long Blades
  1060 | D:2      | Noticed Robin
  1075 | D:2      | Reached XP level 4. HP: 27/40 MP: 3/3
  1092 | D:2      | Killed Robin
  1374 | D:2      | Found a faded altar of an unknown god.
  1554 | D:2      | Found a runed translucent door.
  1555 | D:2      | Noticed Crazy Yiuf
  1767 | D:3      | Reached skill level 5 in Armour
  1767 | D:3      | Reached XP level 5. HP: 47/47 MP: 4/4
  1786 | D:3      | Reached skill level 4 in Long Blades
  2160 | D:3      | Found a shimmering altar of Xom.
  2162 | D:3      | Found a radiant altar of Vehumet.
  2165 | D:3      | Found a broken altar of Ashenzari.
  2169 | D:3      | Found an iron altar of Okawaru.
  2171 | D:3      | Found a shimmering blue altar of Sif Muna.
  2171 | D:3      | Found a hazy altar of Hepliaklqana.
  2171 | D:3      | Found an opulent altar of Gozag.
  2174 | D:3      | Became a worshipper of Warmaster Okawaru
  2176 | D:3      | Found a shadowy altar of Dithmenos.
  2177 | D:3      | Found a glowing golden altar of the Shining One.
  2178 | D:3      | Found a sacrificial altar of Ru.
  2179 | D:3      | Found a snail-covered altar of Cheibriados.
  2180 | D:3      | Found a sparkling altar of Nemelex Xobeh.
  2757 | D:4      | Noticed a black bear
  2766 | D:4      | Killed a black bear
  2767 | D:4      | Reached skill level 5 in Long Blades
  2767 | D:4      | Reached XP level 6. HP: 52/53 MP: 5/5
  3192 | D:5      | Entered Level 5 of the Dungeon
  3287 | D:5      | Reached skill level 6 in Long Blades
  3387 | D:5      | Found Nuumal's Weapon Boutique.
  3407 | D:5      | Found Teisaghi's Assorted Antiques.
  3410 | D:5      | Bought a fuming green potion for 25 gold pieces
  3410 | D:5      | Bought a scroll labelled URIWAZ RECEETSO for 28 gold pieces
  3435 | D:5      | Reached skill level 5 in Fighting
  3438 | D:5      | Reached skill level 1 in Dodging
  3438 | D:5      | Reached XP level 7. HP: 52/61 MP: 6/6
  3592 | D:5      | Reached * piety under Okawaru
  3596 | D:5      | Reached skill level 5 in Shields
  3691 | D:5      | Got the Vellum of Excruciating Chilblains
  3747 | D:5      | Found Till's CLEARANCE SALE!.
  3750 | D:5      | Reached skill level 7 in Long Blades
  4096 | D:6      | Found a bloodstained altar of Trog.
  4144 | D:6      | Found a staircase to the Ecumenical Temple.
  4197 | D:6      | Noticed Pikel
  4208 | D:6      | Killed Pikel
  4209 | D:6      | Reached skill level 8 in Long Blades
  4209 | D:6      | Reached XP level 8. HP: 34/70 MP: 7/7
  4209 | D:6      | Reached ** piety under Okawaru
  4227 | D:6      | Killed from afar by an orc priest

Illustrated notes

Levels and vault maps discovered:
D:1:      kennysheep_arrival_forest, layout_loops_ring, serial_shops,
          nicolae_shop_crystal, hangedman_glass_teeth
D:2:      layout_basic, shapermc_ecumenical_altar_pompeii,
          corexii_hall_statues_i, uniq_crazy_yiuf_cottage, uniq_robin
D:3:      layout_loops_cross, minitemple, dreamdust_princess_bridge
D:4:      layout_gridville
D:5:      cheibrodos_helix_gallery, layout_rooms, serial_shops,
          kennysheep_mini_moat, shop, nicolae_shop_clearance
D:6:      layout_rooms, trog_hazing_becter, minmay_temple_entry_poolview,
          serial_shops, nicolae_square_shop, hangedman_abyss_or_decor_stagger,
          minmay_misc_feat_hallway, hellmonk_no_cap, uniq_pikel

Skill      XL: |  1  2  3  4  5  6  7 |
---------------+----------------------+-----
Fighting       | 4 5 |  5.9
Shields        | 4 5 |  5.9
Armour         | 4 5 6 |  6.7
Long Blades    | 3 5 6 8 |  8.7
Dodging        | 1 2 |  2.4
Stealth        | |  0.4

Action                     |  1- 3 |  4- 6 |  7- 9 || total
---------------------------+-------+-------+-------++-------
  Melee: Long sword        |    71 |   118 |    65 ||   254
         Headbutt          |     8 |    13 |    10 ||    31
    Use: Scroll            |       |     4 |     5 ||     9
         Potion            |       |       |     1 ||     1
 Armour: Scale mail        |    12 |       |       ||    12
         Chain mail        |    41 |    53 |    59 ||   153
  Dodge: Dodged            |    51 |    74 |    60 ||   185
  Block: Buckler           |    28 |    26 |    25 ||    79
